 Dungeon Crawl Stone Soup version 0.22.0-60-ga52c2fc (webtiles) character file.

105 Anon1729 the Chopper (level 4, -1/40 HPs)
             Began as a Naga Gladiator on Sept 9, 2018.
             Slain by an iguana (6 damage)
             ... on level 3 of the Dungeon.
             The game lasted 00:03:12 (1628 turns).

Anon1729 the Chopper (Naga Gladiator)               Turns: 1628, Time: 00:03:12

Health: -1/40      AC:  4    Str: 16    XL:     4   Next: 83%
Magic:  4/4        EV: 10    Int: 10    God:
Gold:   83         SH:  0    Dex: 12    Spells: 3/3 levels left

rFire    . . .     SeeInvis +   a - +0 war axe
rCold    . . .     Gourm    .   (no shield)
rNeg     . . .     Faith    .   b - +0 leather armour
rPois    +         Spirit   .   c - +0 helmet
rElec    .         Reflect  .   (no cloak)
rCorr    .         Harm     .   (no gloves)
MR       .....                  (no barding)
Stlth    +.........             (no amulet)
HPRegen  0.13/turn              (no ring)
MPRegen  0.09/turn              (no ring)

@: very slow
A: large, see invisible, deformed body, poison resistance, slowness 2, slow
metabolism 1, spit poison 1, AC +1
a: Spit Poison


You were on level 3 of the Dungeon.
You were hungry.

You visited 1 branch of the dungeon, and saw 3 of its levels.

You collected 83 gold pieces.

Inventory:

Hand Weapons
 a - a +0 war axe (weapon)
Missiles
 d - 3 throwing nets
 e - 8 javelins (quivered)
Armour
 b - a +0 leather armour (worn)
 c - a +0 helmet (worn)
Scrolls
 h - a scroll of remove curse {unknown}
 i - a scroll of teleportation {unknown}
 k - a scroll of enchant weapon {unknown}
 l - a scroll of magic mapping {unknown}
 m - a scroll of amnesia {unknown}
Comestibles
 f - 3 rations
 g - 2 chunks of flesh


   Skills:
 + Level 2.6 Fighting
 * Level 4.0 Axes
 - Level 2.0 Throwing
 + Level 1.3 Armour
 + Level 2.9 Dodging


You had 3 spell levels left.
You didn't know any spells.
Your spell library was empty.

Dungeon Overview and Level Annotations

Branches:
Dungeon (3/15)

Altars:
Qazlal

Annotations:
D:2 Sigmund


Innate Abilities, Weirdness & Mutations

You cannot wear boots.
Your serpentine skin is tough. (AC +1)
You have supernaturally acute eyesight. (SInv)
Armour fits poorly on your strangely shaped body.
Your system is resistant to poisons. (rPois)
You cover ground very slowly.
You have a slow metabolism.
You can spit poison.


Message History

The iguana bites you.
Press: ? - help, Shift-Dir - straight line, f/p - iguana
Aim: an iguana The splash of poison hits the iguana.
The iguana is poisoned.
The iguana is moderately wounded.
You feel slightly more hungry. The iguana barely misses you.
You hit the iguana.
The iguana is heavily wounded.
The iguana bites you but does no damage.
You are feeling hungry.
You hit the iguana but do no damage.
The iguana is heavily wounded.
The iguana barely misses you. The iguana bites you!
* * * LOW HITPOINT WARNING * * *
Unknown command.
You have got your breath back.
You completely miss the iguana.
The iguana is severely wounded.
The iguana bites you.
You die...

##.## ##...#### ##.......# #.
#.# #........# .)...!
#........# ..<.. #........#
#.... ##....##.# # #...# #
#.......##########.#.#.#.###.#
####.#.......@l.##.#.#g#.g....
#.....#..###o##....o[..#
###.#....<.#.####>#.##.#
#.###..#...g.)o.#.g......
#......###.########..##..
#####.####.# ..# #......# .#
######## .# .


You could see an iguana and an orc.

Vanquished Creatures
  An orc priest (D:3)
  An adder (D:3)
  A worm (D:2)
  2 dart slugs (D:1)
  2 leopard geckos
  3 orcs (D:3)
  A ball python (D:1)
  2 giant cockroaches (D:1)
  5 goblins
  4 hobgoblins
  13 jackals
  3 kobolds
  3 bats
  5 frilled lizards
  3 rats (D:1)
49 creatures vanquished.

Notes
Turn   | Place    | Note
-------+----------+-------------------------------------------
     0 | D:1      | Anon1729 the Naga Gladiator began the quest for the Orb.
     0 | D:1      | Reached XP level 1. HP: 19/19 MP: 1/1
   228 | D:1      | Reached XP level 2. HP: 26/26 MP: 2/2
   475 | D:1      | Reached XP level 3. HP: 18/32 MP: 3/3
  1203 | D:2      | Noticed an air elemental
  1204 | D:2      | Found a stormy altar of Qazlal.
  1205 | D:2      | Noticed a water elemental
  1208 | D:2      | Noticed an earth elemental
  1208 | D:2      | Noticed a fire elemental
  1294 | D:2      | Reached skill level 1 in Armour
  1455 | D:2      | Noticed Sigmund
  1559 | D:3      | Reached XP level 4. HP: 40/40 MP: 4/4
  1617 | D:3      | Reached skill level 4 in Axes
  1617 | D:3      | HP: 2/40 [iguana (11)]
  1628 | D:3      | Slain by an iguana

Skill      XL: |  1  2  3  4 |
---------------+-------------+-----
Throwing       | 2 |  2.0
Armour         | 1 |  1.3
Axes           | 4 |  4.0
Fighting       | |  2.6
Dodging        | |  2.9

Action                   |  1- 3 |  4- 6 || total
-------------------------+-------+-------++-------
Melee: War axe           |    82 |    21 ||   103
Throw: Javelin           |    18 |       ||    18
       Throwing net      |     1 |       ||     1
 Abil: Spit Poison       |       |     2 ||     2
  Use: Potion            |       |     1 ||     1
  Eat: Chunk             |     1 |       ||     1
Armor: Leather armour    |    51 |     7 ||    58
Dodge: Dodged            |    70 |    18 ||    88
